 Dungeon Crawl Stone Soup version 0.21.1-1-g345015f (webtiles) character file.

26 robbits the Insei (level 2, -9/21 HPs)
             Began as a Demonspawn Transmuter on May 26, 2018.
             Killed by nerve-wracking pain
             ... invoked by Jessica
              (11 damage)
             ... on level 2 of the Dungeon.
             The game lasted 00:03:54 (1119 turns).

robbits the Insei (Demonspawn Transmuter)           Turns: 1119, Time: 00:03:55

Health: -9/21      AC:  2    Str: 10    XL:     2   Next: 89%
Magic:  5/5        EV: 12    Int: 14    God:
Gold:   6          SH:  4    Dex: 13    Spells: 4/5 levels left

rFire    . . .     SeeInvis .   j - +0 dagger (curse)
rCold    . . .     Gourm    .   (no shield)
rNeg     . . .     Faith    .   b - +0 robe
rPois    .         Spirit   .   (no helmet)
rElec    .         Reflect  .   (no cloak)
rCorr    .         Harm     .   (no gloves)
MR       .....                  (no boots)
Stlth    +.........             (no amulet)
HPRegen  0.07/turn              (no ring)
MPRegen  0.09/turn              (no ring)

@: no status effects
A: large bone plates 1
a: no special abilities


You were on level 2 of the Dungeon.
You were hungry.

You visited 1 branch of the dungeon, and saw 2 of its levels.

You collected 6 gold pieces.

Inventory:

Hand Weapons
 j - a cursed +0 dagger (weapon)
Missiles
 a - 38 arrows
Armour
 b - a +0 robe (worn)
Scrolls
 m - 2 scrolls of teleportation
Potions
 e - 2 potions of heal wounds {unknown}
 g - 5 potions of agility
 i - a potion of might {unknown}
 k - a potion of flight {unknown}
 n - a potion of resistance {unknown}
Books
 c - a book of Changes

   Spells                             Type                      Level
   a - Beastly Appendage              Transmutation                1
   b - Sticks to Snakes               Transmutation                2
   c - Spider Form                    Transmutation/Poison         3
   d - Ice Form                       Ice/Transmutation            4
   e - Blade Hands                    Transmutation                5
Comestibles
 d - 4 rations


   Skills:
 + Level 1.2 Fighting
 + Level 2.1 Dodging
 + Level 3.2 Unarmed Combat
 + Level 2.1 Spellcasting
 + Level 2.0 Transmutations


You had 4 spell levels left.
You knew the following spells:

 Your Spells              Type           Power        Failure   Level  Hunger
a - Beastly Appendage     Tmut           #.....       10%         1    ##.....


Dungeon Overview and Level Annotations

Branches:
Dungeon (2/15)

Altars:

Annotations:
D:2 Jessica, Terence


Innate Abilities, Weirdness & Mutations

You are partially covered in large bone plates. (SH +4)


Message History

Okay, then.
Your transformation is almost over.
The gnoll shouts!
The gnoll hits you with a club!
The gnoll shouts! x2
You hit the gnoll. Your headbutt misses the gnoll.
The gnoll is lightly wounded.
The gnoll hits you with a club!
* * * LOW HITPOINT WARNING * * *
You are too injured to fight recklessly!
Jessica shouts, "You're disturbing me!
I'll have to kill you!"
Jessica mumbles some strange words.
Jessica blinks!
Found a leather armour.
Your horns disappear.
Found a scroll of teleportation.
Jessica casts a spell at you. Pain shoots through your body!
Ouch! That really hurt!
You die...

,**************,,,,,**,,*********
>,,,,,,,,.....,,,,,,,*,,**
******,,.......,,,,,,*,,,*
*,,....[...,,,,,**,,*
*,,,?.....#**,*,,,,,*
*,,,,.....###,,,,**,*
*****,#.#ยง..#,,,,**,*
*,#.....#,,,,**,*
*,*#...@#,,,,**,*******
****,*#.@..#,,,,**,**,,,,*
*,,,,,#..g.#,,,,**,**,,,,**
*,,,,,##...#,#*,,,,,*,,,,,,
*,,,,,##...#.##,,,<,*,,***<
*,,,,,#.g.....+,,,,,*******
*,...,#..g##.##,,,,,*,,,,,>
*,,...#.#.##.#*,,,,,*,,****
*,,...#.#..#.#*,,,,,**,*


You could see 3 gnolls and Jessica.

Vanquished Creatures
  2 dart slugs (D:1)
  9 goblins (D:1)
  A hobgoblin (D:1)
  2 bats (D:1)
  2 frilled lizards (D:2)
  3 kobolds
  4 rats (D:1)
23 creatures vanquished.

Notes
Turn   | Place    | Note
-------+----------+-------------------------------------------
     0 | D:1      | robbits the Demonspawn Transmuter began the quest for the Orb.
     0 | D:1      | Reached XP level 1. HP: 15/15 MP: 3/3
   245 | D:1      | Reached skill level 3 in Unarmed Combat
   269 | D:1      | Gained mutation: You are partially covered in large bone plates. (SH +4) [demonic ancestry]
   269 | D:1      | Reached XP level 2. HP: 21/21 MP: 3/5
  1024 | D:2      | Noticed Terence
  1099 | D:2      | Noticed Jessica
  1119 | D:2      | Killed from afar by Jessica

Skill      XL: |  1  2 |
---------------+-------+-----
Unarmed Combat | 3 |  3.2
Dodging        | 2 |  2.1
Transmutations | 2 |  2.0
Fighting       | |  1.2
Spellcasting   | |  2.1

Action                   || total
-------------------------++-------
Melee: Unarmed           ||    44
       Headbutt          ||     3
       Punch             ||     2
       Dagger            ||    57
       Kick              ||     3
 Cast: Beastly Appendage ||     8
  Use: Scroll            ||     7
Armor: Robe              ||    26
Dodge: Dodged            ||    56
Block: Other             ||    14
